 Dungeon Crawl Stone Soup version 0.31-a0-1-g4198be8af4 (webtiles) character file.

Game seed: 10456356002524564129

23747 kae the Alchemist (level 13, -21/97 HPs)
             Began as a Merfolk Transmuter on May 1, 2023.
             Was a Priest of Ru.
             Killed from afar by an oklob plant (38 damage)
             ... with a splash of acid
             ... in a Gauntlet.
             The game lasted 00:17:22 (14022 turns).

kae the Alchemist (Merfolk Transmuter)             Turns: 14022, Time: 00:17:23

Health: -21/97     AC: -2    Str: 14    XL:     13   Next: 8%
Magic:  27/28      EV: 11    Int: 14    God:    Ru [***...]
Gold:   967        SH:  0    Dex: 18    Spells: 19/34 levels left

rFire   x .          .
                       - Unarmed
rCold   + + +        l - melded +3 warlock's mirror {omnireflect}
rNeg    + . .        a - melded +0 robe
rPois   +            (helmet currently unavailable)
rElec   .            f - melded +0 cloak
rCorr   .            (gloves currently unavailable)
SInv    +            (boots currently unavailable)
Will    ++...        g - amulet of regeneration
Stlth   ++           E - ring "Komeuq" {rN+ Will+ SInv}
HPRegen 1.16/turn    O - +4 ring of protection
MPRegen 0.21/turn

%: no teleportation
@: ice-form, wereblooded (expiring), corroded
A: freezing attack, boosted hp, large, inability to use devices, inability to
train armour, (nimble swimmer 2), (mertail), agile 1, strong-willed 1, strong 1
a: End Transformation, Renounce Religion, Draw Out Power


You were in a Gauntlet.
You worshipped Ru.
Ru was most pleased with you.
You were a creature of crystalline ice.
You visited 2 branches of the dungeon, and saw 16 of its levels.
You also visited: Gauntlet.

You collected 1471 gold pieces.
You spent 504 gold pieces at shops.


Innate Abilities, Weirdness & Mutations

You are a creature of crystalline ice.
You have a powerful freezing melee attack.
Your maximum health is increased.
Your armour is entirely melded.
You are incapable of wielding weapons or throwing items.
You cannot study or use magical devices.
You cannot train Armour skill.
((You are very nimble when in or above water. (Stealth+, EV+, Speed+++)))
((Your lower body shifts to a powerful aquatic tail in water.))
You are agile. (Dex +4, Str/Int -1)
You are strong-willed. (Will+)
Your muscles are strong. (Str +4, Int/Dex -1)


   Skills:
 - Level 1.1 Fighting
 - Level 2.6 Dodging
 + Level 13.6 Unarmed Combat
 + Level 11.3 Spellcasting
 + Level 15.7 Transmutations
 - Level 6.0 Ice Magic
 - Level 2.0 Poison Magic


You had 19 spell levels left.
You knew the following spells:

 Your Spells              Type           Power      Damage    Failure   Level
a - Beastly Appendage     Tmut           100%       N/A       0%          1
b - Wereblood             Tmut           51%        N/A       1%          2
c - Spider Form           Tmut/Pois      32%        N/A       1%          3
d - Ice Form              Ice/Tmut       38%        N/A       1%          4
e - Blade Hands           Tmut           25%        N/A       1%          5

Your spell library contained the following spells:

 Spells                   Type           Power      Damage    Failure   Level
 Sting                    Tmut/Pois      100%       1d8       1%          1
 Ignite Poison            Fire/Tmut/Pois 24%        N/A       2%          3
 Ensorcelled Hibernation  Hex/Ice        32%        N/A       4%          2
 Kiss of Death            Conj/Necr      28%        2d7       9%          1
 Shock                    Conj/Air       28%        1d4       9%          1
 Poisonous Vapours        Pois/Air       20%        N/A       9%          2
 Cigotuvi's Dreadful Rot  Necr/Pois/Air  18%        N/A       11%         2
 Static Discharge         Conj/Air       14%        2-3/arc   14%         2
 Confusing Touch          Hex            7%         N/A       26%         3
 Portal Projectile        Hex/Tloc       14%        N/A       26%         3
 Swiftness                Air            7%         N/A       26%         3
 Tukima's Dance           Hex            7%         N/A       26%         3
 Olgreb's Toxic Radiance  Pois           13%        N/A       36%         4
 Airstrike                Air            3%         2d(1-17)  65%         4
 Anguish                  Hex/Necr       3%         N/A       65%         4
 Animate Armour           Summ/Erth      14%        N/A       65%         4
 Dispel Undead            Necr           7%         3d8       65%         4
 Summon Lightning Spire   Summ/Air       7%         N/A       65%         4
 Freezing Cloud           Conj/Ice/Air   6%         6-21      73%         5
 Death Channel            Necr           3%         N/A       100%        6
 Iron Shot                Conj/Erth      3%         9d2       100%        6

Inventory:

Missiles
 c - 129 stones
 m - 8 boomerangs
 r - 4 datura-tipped darts
 t - a throwing net {=f!f}
 u - 35 poisoned darts
 v - 7 curare-tipped darts {=f}
Armour
 a - a +0 robe (melded)
 f - a +0 cloak (melded)
   (You found it on level 1 of the Dungeon)
 l - the +3 warlock's mirror (melded) {omnireflect}
   (You acquired it on level 1 of the Dungeon)

   Omnireflect: It can block and reflect piercing ranged attacks and magical
   attacks against the wielder's willpower.
Jewellery
 g - an amulet of regeneration (around neck)
   (You found it on level 3 of the Dungeon)
 E - the ring "Komeuq" (left front paw) {rN+ Will+ SInv}
   (You found it in a Gauntlet)

   [ring of positive energy]

   rN:        It protects you from negative energy.
   SInv:      It lets you see invisible.
   Will:      It increases your willpower.
 F - a ring of protection from fire
   (You found it on level 2 of the Dungeon)
 O - a +4 ring of protection (right front paw)
   (You found it on level 4 of the Dungeon)
 R - a ring of resist corrosion
   (You found it on level 9 of the Dungeon)
 S - a +6 ring of strength
   (You found it on level 10 of the Dungeon)
Wands
 s - a wand of polymorph (3)
   (You found it on level 10 of the Dungeon)
 C - a wand of paralysis (13)
   (You found it on level 9 of the Dungeon)
 I - a wand of acid (3)
   (You found it on level 12 of the Dungeon)
Scrolls
 d - 4 scrolls of immolation {!r!r}
 i - 3 scrolls of teleportation {@r4}
 o - 2 scrolls of fog
 p - 6 scrolls of enchant armour
 y - 3 scrolls of blinking {!r}
 A - a scroll of enchant weapon
 B - a scroll of poison {!r}
Potions
 b - 2 potions of lignification {!q}
 e - a potion of resistance {unknown}
 h - 2 potions of flight
 j - 7 potions of curing {unknown}
 k - 2 potions of attraction {!q}
 n - 5 potions of heal wounds {@q2}
 q - 2 potions of haste {unknown}
 w - a potion of cancellation
 x - 2 potions of invisibility
 z - a potion of magic {unknown}
 D - a potion of might
 H - a potion of berserk rage {unknown}
Miscellaneous
 J - a lightning rod (4/4)
   (You found it on level 12 of the Dungeon)

Dungeon Overview and Level Annotations

Branches:
Dungeon (15/15) Zot: 26771  Temple (1/1) D:5 Zot: 5938    Lair (0/5) D:11
    Orc (0/2) D:9         Gauntlet (1/1) Zot: 5624
 Vaults: D:13-14     Depths: D:15

Altars:
Ashenzari
Cheibriados
Dithmenos
Elyvilon
Fedhas
Gozag
Hepliaklqana
Kikubaaqudgha
Makhleb
Nemelex Xobeh
Okawaru
Qazlal
Ru
Sif Muna
Trog
Uskayaw
Vehumet
Wu Jian
Xom
Yredelemnul
Zin
The Shining One

Shops:
D:7 :::   D:8 (

Annotations:
D:8 1 runed translucent door, Takeo's ghost, journeyman DrTm
D:10 3 runed translucent doors, PostNTower's ghost, journeyman DrTm; bmj180's ghost, journeyman DrFE Gauntlet 5 transporters, exclusion: oklob plant

#.©.#≈...........§.≈§......
#...#∩............≈8≈......
#.©.#≈.............§.......
#...#..###########...######
.#...#..##^......##...#.....
...8.#..#.#....^#.#...#..##g
##...#..#?.#^.^#..#...#.##..
...8.#..#.D.#^#..D#...#=#...
##...#..#©PY.#©..§#...#g.x.©
#≈8≈#..#...#^#D..#...#g#...
#####..#=.#..^#..#...#$##.g
###..#.#^....#.#...#..##g
#8#..##§......##...#...Bx
###..###########..§######
#.....#.©.#....≈§...#.©
###...8.#...#.8.≈8§.8.#..
#8#.....#.©.#....≈....#.©


You could see an oklob plant and an acid dragon.


Message History

a killer bee corpse; a killer bee corpse; a killer bee corpse No reachable target in view!
No reachable target in view!
You howl as the wereblood boils in your veins! 😎 MP[+1]
Your mp is fully restored (28).
You now have enough gold to buy a manual of Transmutations on D:7.
You can access your shopping list by pressing '$'.
You now have 967 gold pieces (gained 15).
There is a transporter here.
E - the ring "Komeuq" {rN+ Will+ SInv} You howl as the wereblood boils in your veins!
You're wearing all the rings you can.
Remove which one? (? for menu, Esc to cancel) < or
F - a ring of protection from fire; > or
O - a +4 ring of protection You remove your ring of protection from fire.
E - the ring "Komeuq" (left front paw) {rN+ Will+ SInv}
There is a transporter here.
You enter the transporter and appear at another place.
The acid dragon roars!
There is a transporter here.
Casting: Wereblood (safe; 1% risk of failure)
Confirm with . or Enter, or press ? or * to list all spells.
You extend your transformation's duration. 😎 MP[-4]
You lost 4 mp, and now have 24/28 mp.
You enter the transporter and appear at another place.
The acid dragon spits acid at you. The splash of acid misses you.
The acid dragon enters a dispersal trap!
The acid dragon blinks! x2
You blink.
The acid dragon blinks! 😎 MP[+1] Unknown command.
You redirect the acid dragon's attack!
The acid dragon spits acid at you. The splash of acid hits you!
The acid corrodes you!
You focus your inner power and blind the acid dragon in retribution! 😕 HP[-10]
You take 10 damage, and now have 87/97 hp. 😕 HP[+2]
You regained 2 hp, and now have 89/97 hp.
The acid dragon enters a dispersal trap!
The acid dragon blinks!
You blink.
The acid dragon blinks! 😕 HP[+1] 😕 HP[+1] MP[+1]
The acid dragon enters a dispersal trap!
The acid dragon blinks! x3
You blink. 😕 HP[+1]
The acid dragon spits acid at you. The splash of acid hits you!
The acid corrodes you! 😕 HP[-8]
You take 8 damage, and now have 84/97 hp. 😕 HP[+1] Unknown command.
The oklob plant begins to attack, but is stunned by your conviction! 😕 HP[+2]
You regained 2 hp, and now have 87/97 hp.
You punch the oklob plant! You freeze the oklob plant.
The acid dragon enters a dispersal trap!
You blink. 😕 MP[+1] Unknown command.
The acid dragon bites you!
The acid dragon barely misses you. 😕 HP[-8]
You take 8 damage, and now have 79/97 hp.
You hit the oklob plant but do no damage.
The oklob plant spits acid at you. The splash of acid hits you!!
The acid corrodes you!
The acid dragon is stunned by your conviction and fails to attack. 😮 HP[-25]
You take 25 damage, and now have 54/97 hp.
MASSIVE DAMAGE!! (PAUSE)
You punch the oklob plant! You freeze the oklob plant.
The oklob plant spits acid at you. The splash of acid hits you!!
* * * LOW HITPOINT WARNING * * *
The acid corrodes you!
The acid dragon begins to attack, but is stunned by your conviction!
The acid dragon spits acid at you. The splash of acid hits you!!
* * * LOW HITPOINT WARNING * * *
You focus your inner power and blind the acid dragon in retribution! 😱 HP[-39]
You take 39 damage, and now have 15/97 hp.
MASSIVE DAMAGE!! (PAUSE) Unknown command.
You hit the oklob plant but do no damage.
Your primal bloodlust is almost over. 😱 HP[+1] Unknown command.
You hit the oklob plant. You freeze the oklob plant.
The acid dragon barely misses you. x2
The oklob plant spits acid at you. The splash of acid hits you!!!
You die...

Skill      XL: |  1  2  3  4  5  6  7  8  9 10 11 12 |
---------------+-------------------------------------+-----
Transmutations | 3 4 5 6 7 9 11 13 15 | 15.7
Poison Magic   | 1 2 |  2.0
Unarmed Combat | 4 5 6 8 10 11 13 | 13.6
Spellcasting   | 3 4 5 6 8 9 11 | 11.3
Ice Magic      | 1 3 5 6 |  6.0
Fighting       | |  1.1
Dodging        | |  2.6

Action                     |  1- 3 |  4- 6 |  7- 9 | 10-12 | 13-15 || total
---------------------------+-------+-------+-------+-------+-------++-------
  Melee: Unarmed           |   155 |   113 |   340 |   504 |    41 ||  1153
         Headbutt          |    13 |     8 |    11 |       |       ||    32
         Punch             |     1 |       |       |     1 |       ||     2
   Cast: Beastly Appendage |    27 |    12 |    14 |       |       ||    53
         Wereblood         |     2 |     1 |     6 |    28 |     2 ||    39
         Spider Form       |       |     7 |    13 |       |       ||    20
         Ice Form          |       |     1 |    21 |    49 |     4 ||    75
         Blade Hands       |       |       |       |     4 |       ||     4
 Invoke: Sacrifice Artific |       |       |       |     1 |       ||     1
         Sacrifice Durabil |       |       |       |     1 |       ||     1
         Reject Sacrifices |       |       |       |       |     1 ||     1
    Use: Scroll            |     8 |     3 |     3 |     5 |       ||    19
         Potion            |       |       |     1 |     5 |       ||     6
   Stab: Sleeping          |       |       |     1 |     1 |       ||     2
         Distracted        |       |       |       |     1 |       ||     1
         Invisible         |       |       |       |     1 |       ||     1
 Armour: Robe              |    32 |    10 |    32 |    20 |       ||    94
         Skin              |       |     1 |    96 |   219 |    19 ||   335
  Dodge: Dodged            |    88 |    50 |   243 |   275 |    26 ||   682
  Block: Buckler           |    28 |    19 |    20 |     7 |       ||    74
         Reflection        |       |       |     1 |       |       ||     1

Levels and vault maps discovered:
D:1:      ebering_trefoil_twist, layout_basic,
          ebering_ecumenical_altar_petrified, dk_noncrumbling_4
D:2:      layout_loops_cross, minmay_randomly_rotated_circles
D:3:      layout_loops_ring, uniq_grinder
D:4:      layout_basic, grunt_temple_overflow_cloverleaf, minivault_1
D:5:      minmay_evil_eye, layout_layer_cave, good_gods_mini_temple,
          temple_fountains
D:6:      layout_basic, fedhas_altar_fruit_tree, st_stairs_8,
          kennysheep_generic_room_3
D:7:      layout_loops_corners, serial_shops, nicolae_book_shop_shelving, shop,
          nicolae_shop_self_help
D:8:      lemuel_ice_spiral_2, layout_basic, slow_altar_1,
          grunt_dithmenos_shadows, serial_shops, nicolae_shop_dealshenge,
          ebering_ghost_xom
D:9:      layout_basic, david_orc_3, nicolae_looking_at_the_future
D:10:     layout_roguey, mainiacjoe_overflow_concentric_impassable,
          gammafunk_ghost_cemetery, minmay_holes
D:11:     minmay_recursive_quarters, layout_loops_ring, lair_entry_dummy,
          st_stairs_2
D:12:     layout_rooms
D:13:     layout_roguey, gauntlet_entry_generic
D:14:     layout_cave_pods, lightli_vaults_fourway_checkpoint,
          dreamdust_wishing_well
D:15:     grunt_enter_depths_magical_seal, layout_basic,
          hangedman_decor_diamond_cutter, enter_trove_5
Temple:   nicolae_temple_ecumenical_triangle
Gauntlet: gammafunk_gauntlet_shortcut [gammafunk_gauntlet_arena_corners,
          gammafunk_gauntlet_arena_hedges,
          gammafunk_gauntlet_arena_split_diamond,
          gammafunk_gauntlet_arena_crates, nicolae_gauntlet_arena_t_cross,
          nicolae_gauntlet_arena_x, nicolae_gauntlet_exit_dead_adventurers]

Notes
Turn   | Place    | Note
-------+----------+-------------------------------------------
     0 | D:1      | kae the Merfolk Transmuter began the quest for the Orb.
     0 | D:1      | Reached XP level 1. HP: 15/15 MP: 3/3
     0 | D:1      | magus.rc [v1.11.3]
    61 | D:1      | HP: 3/15 [quokka (3)]
   142 | D:1      | Reached skill level 3 in Transmutations
   142 | D:1      | Reached XP level 2. HP: 21/21 MP: 3/5
   227 | D:1      | Reached skill level 1 in Poison Magic
   248 | D:1      | Learned a level 2 spell: Wereblood
   328 | D:1      | Reached XP level 3. HP: 23/26 MP: 4/6
   511 | D:1      | Found a faded altar of an unknown god.
   596 | D:1      | Identified a scroll of acquirement
   596 | D:1      | Acquired the +3 warlock's mirror {omnireflect}
   596 | D:1      | Found the +3 warlock's mirror {omnireflect}
   817 | D:2      | You pick up a book of Storms and begin reading...
   817 | D:2      | You add the spells Static Discharge, Airstrike and Summon
                  | Lightning Spire to your library.
   864 | D:2      | Learned a level 3 spell: Spider Form
  1468 | D:3      | Noticed Grinder
  1500 | D:3      | Reached XP level 4. HP: 15/32 MP: 7/7
  1716 | D:3      | HP: 8/32 [poisoned by an adder]
  1719 | D:3      | Reached skill level 4 in Unarmed Combat
  1890 | D:3      | Reached skill level 2 in Poison Magic
  1965 | D:3      | Reached skill level 4 in Transmutations
  1967 | D:3      | Reached skill level 3 in Spellcasting
  1967 | D:3      | Reached XP level 5. HP: 28/37 MP: 7/9
  3099 | D:3      | Learned a level 4 spell: Ice Form
  3105 | D:3      | Killed Grinder
  3106 | D:3      | Reached skill level 5 in Unarmed Combat
  3106 | D:3      | Reached skill level 5 in Transmutations
  3106 | D:3      | Reached XP level 6. HP: 41/43 MP: 5/11
  3276 | D:4      | Reached skill level 1 in Ice Magic
  3276 | D:4      | Reached XP level 7. HP: 48/48 MP: 8/12
  3697 | D:4      | Found an ornate altar of the Wu Jian Council.
  3700 | D:4      | Found an iron altar of Okawaru.
  3737 | D:4      | Found an ancient bone altar of Kikubaaqudgha.
  3740 | D:4      | Found a broken altar of Ashenzari.
  3915 | D:5      | Entered Level 5 of the Dungeon
  3979 | D:5      | Reached skill level 4 in Spellcasting
  4042 | D:5      | Found a staircase to the Ecumenical Temple.
  4109 | Temple   | Entered the Ecumenical Temple
  4153 | Temple   | Became a worshipper of Ru the Awakened
  4382 | D:5      | Reached skill level 2 in Ice Magic
  4515 | D:5      | Found a glowing silver altar of Zin.
  4515 | D:5      | Found a glowing golden altar of the Shining One.
  4515 | D:5      | Found a white marble altar of Elyvilon.
  4730 | D:5      | Reached skill level 6 in Transmutations
  4920 | D:5      | Reached skill level 3 in Ice Magic
  4986 | D:5      | Reached XP level 8. HP: 54/54 MP: 12/14
  5033 | D:5      | Reached skill level 6 in Unarmed Combat
  5561 | D:6      | Reached skill level 4 in Ice Magic
  5662 | D:6      | Noticed a hornet
  5747 | D:6      | Reached skill level 7 in Transmutations
  5765 | D:6      | Reached skill level 5 in Ice Magic
  6012 | D:6      | Killed a hornet
  6013 | D:6      | Reached skill level 5 in Spellcasting
  6166 | D:6      | Reached XP level 9. HP: 59/59 MP: 16/16
  6487 | D:6      | Reached skill level 6 in Ice Magic
  6692 | D:6      | Found a blossoming altar of Fedhas.
  6751 | D:7      | Found Baezxeo's Book Boutique.
  6784 | D:7      | Reached skill level 7 in Unarmed Combat
  6913 | D:7      | Reached skill level 8 in Transmutations
  7062 | D:7      | Reached skill level 6 in Spellcasting
  7107 | D:7      | Found Xuymumm's Book Shoppe.
  7242 | D:7      | You pick up a book of Touch and begin reading...
  7242 | D:7      | You add the spells Kiss of Death, Confusing Touch and
                  | Dispel Undead to your library.
  7455 | D:7      | Found Deololof's Self-Improvement Boutique.
  7486 | D:7      | Reached skill level 8 in Unarmed Combat
  7486 | D:7      | Reached skill level 9 in Transmutations
  7647 | D:7      | Identified the +2 ring mail of the Known World {-Tele
                  | Rampage Str+3 Int+6}
  7985 | D:8      | Found a runed translucent door.
  8025 | D:8      | Found a shimmering altar of Xom.
  8025 | D:8      | Noticed Takeo's ghost (journeyman DrTm)
  8026 | D:8      | Noticed a +1 hand axe of chaos
  8101 | D:8      | Found a shadowy altar of Dithmenos.
  8111 | D:8      | Reached XP level 10. HP: 65/65 MP: 12/20
  8194 | D:8      | Found Loumilis's Antique Weapon Shoppe.
  8392 | D:8      | Reached skill level 7 in Spellcasting
  8479 | D:8      | Found a snail-covered altar of Cheibriados.
  8654 | D:8      | Gained mutation: You cannot study or use magical devices.
                  | [Ru sacrifice]
  8654 | D:8      | Reached * piety under Ru
  8654 | D:8      | Reached ** piety under Ru
  8663 | D:8      | Reached skill level 10 in Transmutations
  8842 | D:9      | Found a staircase to the Orcish Mines.
  9050 | D:7      | Bought a book of Iron for 504 gold pieces
  9050 | D:7      | You pick up a book of Iron and begin reading...
  9050 | D:7      | You add the spells Animate Armour, Blade Hands and Iron
                  | Shot to your library.
  9056 | D:7      | Learned a level 5 spell: Blade Hands
  9305 | D:9      | Reached skill level 9 in Unarmed Combat
  9353 | D:9      | You add the spells Sting, Poisonous Vapours and Olgreb's
                  | Toxic Radiance to your library.
  9485 | D:9      | You pick up a book of Dreams and begin reading...
  9485 | D:9      | You add the spells Ensorcelled Hibernation and Anguish to
                  | your library.
 10032 | D:9      | Gained mutation: You are strong-willed. (Will+) [potion of
                  | mutation]
 10032 | D:9      | Gained mutation: Your muscles are strong. (Str +4, Int/Dex
                  | -1) [potion of mutation]
 10032 | D:9      | Gained mutation: You are agile. (Dex +4, Str/Int -1)
                  | [potion of mutation]
 10055 | D:9      | Reached skill level 11 in Transmutations
 10108 | D:10     | Entered Level 10 of the Dungeon
 10184 | D:10     | Found a stormy altar of Qazlal.
 10214 | D:10     | Reached skill level 8 in Spellcasting
 10403 | D:10     | Reached skill level 10 in Unarmed Combat
 10430 | D:10     | Noticed a two-headed ogre
 10438 | D:10     | Killed a two-headed ogre
 10439 | D:10     | Reached XP level 11. HP: 58/70 MP: 19/23
 10473 | D:10     | Found a runed translucent gate.
 10474 | D:10     | Found a runed translucent gate.
 10476 | D:10     | Found a runed translucent gate.
 10512 | D:10     | You pick up a book of Weapons and begin reading...
 10512 | D:10     | You add the spells Tukima's Dance and Portal Projectile to
                  | your library.
 10554 | D:10     | Reached skill level 12 in Transmutations
 10735 | D:10     | Noticed PostNTower's ghost (journeyman DrTm)
 10736 | D:10     | Noticed bmj180's ghost (journeyman DrFE)
 11114 | D:11     | Found a staircase to the Lair.
 11241 | D:11     | Noticed a centaur warrior
 11244 | D:11     | Reached skill level 9 in Spellcasting
 11494 | D:11     | Noticed a two-headed ogre
 11501 | D:11     | Killed a two-headed ogre
 11502 | D:11     | Reached skill level 11 in Unarmed Combat
 11550 | D:11     | Gained mutation: You cannot train Armour skill. [Ru
                  | sacrifice]
 11550 | D:11     | Reached *** piety under Ru
 11559 | D:11     | Reached skill level 13 in Transmutations
 11588 | D:11     | You pick up a book of Decay and begin reading...
 11588 | D:11     | You add the spells Cigotuvi's Dreadful Rot and Death
                  | Channel to your library.
 11618 | D:11     | Noticed a cyclops
 11618 | D:11     | Noticed a white ugly thing
 11630 | D:11     | Killed a cyclops
 11631 | D:11     | Noticed a cyclops
 11640 | D:11     | Killed a white ugly thing
 11644 | D:11     | Killed a cyclops
 11730 | D:11     | Killed a centaur warrior
 11826 | D:11     | Noticed a two-headed ogre
 11838 | D:11     | Killed a two-headed ogre
 11839 | D:11     | Reached XP level 12. HP: 43/76 MP: 20/25
 11918 | D:11     | Noticed a boulder beetle
 11928 | D:11     | Killed a boulder beetle
 11929 | D:11     | Reached skill level 12 in Unarmed Combat
 11978 | D:11     | Reached skill level 10 in Spellcasting
 12085 | D:11     | Reached skill level 14 in Transmutations
 12088 | D:11     | Noticed a soul eater
 12505 | D:12     | Noticed a boulder beetle
 12523 | D:12     | Killed a boulder beetle
 12545 | D:12     | You pick up a book of Air and begin reading...
 12545 | D:12     | You add the spells Shock and Swiftness to your library.
 12771 | D:12     | Noticed a two-headed ogre
 12783 | D:12     | Killed a two-headed ogre
 12830 | D:12     | You add the spells Ignite Poison and Freezing Cloud to your
                  | library.
 13139 | D:12     | Reached skill level 13 in Unarmed Combat
 13139 | D:12     | Reached skill level 15 in Transmutations
 13346 | D:13     | Acquired 693 gold pieces
 13351 | D:13     | You fall into a shaft and drop 2 floors!
 13351 | D:15     | Entered Level 15 of the Dungeon
 13431 | D:14     | You pick up a book of Changes and begin reading...
 13485 | D:14     | Noticed a boulder beetle
 13525 | D:13     | Noticed a centaur warrior
 13552 | D:13     | Killed a centaur warrior
 13553 | D:13     | Reached skill level 11 in Spellcasting
 13568 | D:13     | Found a gate leading to a gauntlet.
 13568 | D:13     | Noticed a centaur warrior
 13580 | D:13     | Killed a centaur warrior
 13588 | D:13     | Reached XP level 13. HP: 60/81 MP: 23/28
 13591 | D:13     | HP: 20/97 [komodo dragon (27)]
 13639 | Gauntlet | Entered a Gauntlet
 13639 | Gauntlet | Noticed a blizzard demon
 13639 | Gauntlet | Found a transporter.
 13639 | Gauntlet | Found a transporter.
 13639 | Gauntlet | Found a transporter.
 13658 | Gauntlet | Found a transporter.
 13669 | Gauntlet | Found a transporter.
 13673 | Gauntlet | Found a transporter.
 13735 | Gauntlet | Found a transporter.
 13745 | Gauntlet | Found a transporter.
 13760 | Gauntlet | Found a transporter.
 13770 | Gauntlet | Found a transporter.
 13785 | Gauntlet | Found a transporter.
 13812 | Gauntlet | Found a transporter.
 13943 | Gauntlet | Identified the +2 halberd of Ofasuuda {spect, Will+ Int-5
                  | Dex+5}
 13992 | Gauntlet | Identified the ring "Komeuq" {rN+ Will+ SInv}
 14020 | Gauntlet | HP: 15/97 [acid dragon/splash of acid (20)]
 14022 | Gauntlet | Killed from afar by an oklob plant

Vanquished Creatures
  2 boulder beetles
  3 centaur warriors
  4 two-headed ogres
  A deep elf pyromancer (D:14)
  2 ugly things
  2 manticores
  2 cyclopes (D:11)
  A gargoyle (D:11)
  A komodo dragon (D:13)
  An unseen horror (D:11)
  2 kobold demonologists
  2 queen bees
  3 trolls
  3 hornets
  Grinder (D:3)
  A raiju (Gauntlet)
  A centaur simulacrum (D:15)
  8 slime creatures (D:12)
  A wraith (D:12)
  19 yaks
  7 vampire mosquitoes (D:12)
  3 steam dragons
  3 acid dragons
  2 water moccasins
  A black bear (D:6)
  7 orc warriors
  4 ice beasts
  An ogre (D:6)
  18 centaurs
  A phantom (D:8)
  4 kobold brigands
  2 bullfrogs
  5 scorpions
  5 wights (D:9)
  23 killer bees
  6 howler monkeys
  2 hounds
  3 jellies
  7 orc priests
  3 gnoll boudas
  An iguana (D:5)
  2 sleepcaps
  13 orc wizards
  12 gnolls
  13 adders
  2 shadow imps
  2 worms
  3 dart slugs
  50 orcs
  5 bats
  5 endoplasms
  5 giant cockroaches
  3 hobgoblins
  27 kobolds
  5 quokkas
  7 ball pythons
  5 frilled lizards
  9 goblins
  7 rats
343 creatures vanquished.

Vanquished Creatures (others)
  A gargoyle (D:12)
  2 orcs
  10 plants (D:9)
  23 withered plants (Gauntlet)
36 creatures vanquished.

Grand Total: 379 creatures vanquished

Table legend:
 A = Non-vault XP
 B = Vault XP
 C = Vault XP percentage of total XP
 D = Non-vault monster count
 E = Vault monster count
 F = Vault count percentage of total count
                 A         B        C        D         E       F
            +---------+---------+-------+---------+---------+-------
      Total |   27361 |    6564 |  19.3 |     294 |      50 |  14.5
            +---------+---------+-------+---------+---------+-------
        D:1 |      41 |       0 |   0.0 |      25 |       0 |   0.0
        D:2 |      24 |      11 |  31.4 |      15 |       6 |  28.6
        D:3 |     203 |     277 |  57.7 |      31 |       1 |   3.1
        D:4 |     111 |       0 |   0.0 |       9 |       0 |   0.0
        D:5 |     612 |      60 |   8.9 |      22 |       3 |  12.0
        D:6 |    1097 |      47 |   4.1 |      15 |       2 |  11.8
        D:7 |    1720 |       0 |   0.0 |      36 |       0 |   0.0
        D:8 |     783 |     382 |  32.8 |      18 |       5 |  21.7
        D:9 |    1062 |    1217 |  53.4 |      19 |      16 |  45.7
       D:10 |    3625 |       0 |   0.0 |      38 |       0 |   0.0
       D:11 |    6261 |    3495 |  35.8 |      24 |       9 |  27.3
       D:12 |    7148 |       0 |   0.0 |      26 |       0 |   0.0
       D:13 |    3568 |       0 |   0.0 |      13 |       0 |   0.0
       D:14 |     880 |       0 |   0.0 |       2 |       0 |   0.0
       D:15 |     226 |       0 |   0.0 |       1 |       0 |   0.0
   Gauntlet |       0 |    1075 | 100.0 |       0 |       8 | 100.0
            +---------+---------+-------+---------+---------+-------

Skill      XL: |  1  2  3  4  5  6  7  8  9 10 11 12 |
---------------+-------------------------------------+-----
Transmutations | 3 4 5 6 7 9 11 13 15 | 15.7
Poison Magic   | 1 2 |  2.0
Unarmed Combat | 4 5 6 8 10 11 13 | 13.6
Spellcasting   | 3 4 5 6 8 9 11 | 11.3
Ice Magic      | 1 3 5 6 |  6.0
Fighting       | |  1.1
Dodging        | |  2.6

Action                     |  1- 3 |  4- 6 |  7- 9 | 10-12 | 13-15 || total
---------------------------+-------+-------+-------+-------+-------++-------
  Melee: Unarmed           |   155 |   113 |   340 |   504 |    41 ||  1153
         Headbutt          |    13 |     8 |    11 |       |       ||    32
         Punch             |     1 |       |       |     1 |       ||     2
   Cast: Beastly Appendage |    27 |    12 |    14 |       |       ||    53
         Wereblood         |     2 |     1 |     6 |    28 |     2 ||    39
         Spider Form       |       |     7 |    13 |       |       ||    20
         Ice Form          |       |     1 |    21 |    49 |     4 ||    75
         Blade Hands       |       |       |       |     4 |       ||     4
 Invoke: Sacrifice Artific |       |       |       |     1 |       ||     1
         Sacrifice Durabil |       |       |       |     1 |       ||     1
         Reject Sacrifices |       |       |       |       |     1 ||     1
    Use: Scroll            |     8 |     3 |     3 |     5 |       ||    19
         Potion            |       |       |     1 |     5 |       ||     6
   Stab: Sleeping          |       |       |     1 |     1 |       ||     2
         Distracted        |       |       |       |     1 |       ||     1
         Invisible         |       |       |       |     1 |       ||     1
 Armour: Robe              |    32 |    10 |    32 |    20 |       ||    94
         Skin              |       |     1 |    96 |   219 |    19 ||   335
  Dodge: Dodged            |    88 |    50 |   243 |   275 |    26 ||   682
  Block: Buckler           |    28 |    19 |    20 |     7 |       ||    74
         Reflection        |       |       |     1 |       |       ||     1

Illustrated notes

Table legend:
 A = Kills in this place as a percentage of kills in the entire game.
 B = Kills by you in this place as a percentage of kills by you in the entire game.
 C = Kills by friends in this place as a percentage of kills by friends in the entire game.
 D = Other kills in this place as a percentage of other kills in the entire game.
 E = Experience gained in this place as a percentage of experience gained in the entire game.
 F = Experience gained in this place divided by the number of levels of this place that you have seen.
                   A       B       C       D       E      F
               +-------+-------+-------+-------+-------+----------------------
         Total | 100.0 | 100.0 |   N/A | 100.0 | 100.0 | 1995.6
       Dungeon |  97.7 |  97.7 |   N/A | 100.0 |  96.8 | 2190.0
      Gauntlet |   2.3 |   2.3 |   N/A |   0.0 |   3.2 | 1075.0
               +-------+-------+-------+-------+-------+----------------------

Table legend: (Time is in decaauts)
 A = Elapsed time spent in this place.
 B = Non-inter-level travel time spent in this place.
 C = Inter-level travel time spent in this place.
 D = Time resting spent in this place.
 E = Time spent auto-exploring this place.
 F = Levels seen in this place.
 G = Mean time per level.
                   A        B        C        D        E       F      G
               +--------+--------+--------+--------+--------+-----+--------+
         Total |  13862 |  13183 |    679 |    470 |   9832 |  17 |  815.4 |
       Dungeon |  13426 |  12763 |    663 |    447 |   9584 |  15 |  895.1 |
        Temple |     61 |     45 |     16 |      0 |     35 |   1 |   61.0 |
      Gauntlet |    374 |    374 |      0 |     23 |    213 |   1 |  374.0 |
               +--------+--------+--------+--------+--------+-----+--------+

Top non-repeatable levels by time:
     D:3: 1743 daAuts
     D:5: 1518 daAuts
     D:8: 1276 daAuts
     D:7: 1243 daAuts
     D:6: 1222 daAuts
    D:11: 1168 daAuts
    D:10: 1114 daAuts
    D:12: 887 daAuts
     D:2: 813 daAuts
     D:9: 812 daAuts
     D:4: 730 daAuts
     D:1: 616 daAuts
Gauntlet: 374 daAuts
    D:13: 147 daAuts
    D:14: 87 daAuts
